 Dungeon Crawl Stone Soup version 0.28-a0-1613-gdaab1c2f9b (webtiles) character file.

Game seed: 17110229025316133175

60 murtidash the Magician (level 4, 0/35 HPs)
             Began as a Djinni Cinder Acolyte on Jan 21, 2022.
             Was a High Priest of Ignis.
             Slain by an iguana (6 damage)
             ... on level 4 of the Dungeon.
             The game lasted 00:02:13 (2724 turns).

murtidash the Magician (Djinni Cinder Acolyte)      Turns: 2724, Time: 00:02:14

Health: 0/35       AC:  2    Str: 13    XL:     4   Next: 24%
Gold:   126        EV: 11    Int: 18    God:    Ignis [*****.] SH:  0 Dex:  8

rFire   + + +      SeeInvis .   a - -1 falchion (flame)
rCold   x . .      Faith    .   (no shield)
rNeg    . . .      Spirit   .   b - +0 robe
rPois   ∞          Reflect  .   (no helmet)
rElec   .          Harm     .   (no cloak)
rCorr   .          Rampage  .   (no gloves)
Will    .....                   (boots unavailable)
Stlth   +.........              (no amulet)
HPRegen 0.11/turn               (no ring)
MPRegen 0.00/turn               (no ring)

@: flying
A: sickness immunity, fire resistance 2, cold vulnerability 1, float, innate
caster, hp casting, extra vitality 1
a: Renounce Religion, Fiery Armour, Foxfire Swarm, Rising Flame


You were on level 4 of the Dungeon.
You worshipped Ignis.
Ignis was extremely pleased with you.
You visited 1 branch of the dungeon, and saw 4 of its levels.

You collected 126 gold pieces.

Inventory:

Hand Weapons
 a - a -1 falchion of flaming (weapon)
Armour
 b - a +0 robe (worn)
Wands
 m - a wand of mindburst (14)
   (You found it on level 3 of the Dungeon)
Scrolls
 f - a scroll of vulnerability {unknown}
 h - a scroll of fear {unknown}
 j - a scroll of noise {unknown}
 k - 2 scrolls of amnesia {unknown}
 l - a scroll of fog {unknown}
Potions
 c - 3 potions of curing {unknown}
 d - 2 potions of heal wounds {unknown}
 e - a potion of lignification {unknown}
 g - 3 potions of haste {unknown}
 i - a potion of brilliance {unknown}


   Skills:
 - Level 3.0 Fighting
 - Level 2.6 Long Blades
 + Level 3.7 Spellcasting


You had 7 spell levels left.
You knew the following spells:

 Your Spells              Type           Power      Damage    Failure   Level
a - Scorch                Fire           32%        2d6       4%          2
Z - Freeze                Ice            64%        1d8       3%          1
Your spell library was empty.

Dungeon Overview and Level Annotations

Branches:
Dungeon (4/15)
 Temple: D:4-7

Altars:


Innate Abilities, Weirdness & Mutations

You are immune to sickness and miasma.
You are immune to poison.
Your flesh is very heat resistant. (rF++)
You are vulnerable to cold. (rC-)
You float through the air rather than walking.
You learn spells naturally, not from books.
Your magical power is your life essence.
You have superior vitality. (+4 MHP)


Message History

Flames lash the kobold.
You kill the kobold!
You take 2 damage, and have 33/35 hp.
You can't see any susceptible monsters within range! (Use Z to cast anyway.)
You can't see any susceptible monsters within range! (Use Z to cast anyway.)
A ball python comes into view.
Flames lash the ball python.
You kill the ball python!
You take 2 damage, and have 31/35 hp.
You can't see any susceptible monsters within range! (Use Z to cast anyway.)
Things that are here:
a +0 short sword; 2 stones; a kobold corpse Health restored: 35
Things that are here:
a +0 short sword; 2 stones; a kobold corpse An endoplasm comes into view.
The endoplasm quivers.
You can't see any susceptible monsters within range! (Use Z to cast anyway.) Flames lash the endoplasm.
You kill the endoplasm!
You take 2 damage, and have 33/35 hp.
You can't see any susceptible monsters within range! (Use Z to cast anyway.)
There is a shaft here.
A hobgoblin comes into view.
Health restored: 35 A hobgoblin is nearby!
The hobgoblin shouts!
You can't see any susceptible monsters within range! (Use Z to cast anyway.)
You can't see any susceptible monsters within range! (Use Z to cast anyway.)
You can't see any susceptible monsters within range! (Use Z to cast anyway.)
The hobgoblin barely misses you.
Flames lash the hobgoblin.
The hobgoblin's fire resistance burns away.
The hobgoblin closely misses you.
You take 1 damage, and have 34/35 hp.
Flames lash the hobgoblin.
The hobgoblin is burned terribly!
You kill the hobgoblin!
You take 2 damage, and have 32/35 hp.
You can't see any susceptible monsters within range! (Use Z to cast anyway.)
Found an escape hatch in the floor.
Health restored: 35
There is an escape hatch in the floor here.
You see here a book of Changes.
Found a stone staircase leading down.
k - 2 scrolls labelled JERPHA EHEI (gained 1)
A bat comes into view.
Flames lash the bat.
You kill the bat!
You take 2 damage, and have 33/35 hp.
You can't see any susceptible monsters within range! (Use Z to cast anyway.)
You see here a bat corpse.
You see here a bat corpse.
A goblin comes into view. It is wielding a +0 dagger.
The goblin shouts!
Health restored: 35 Flames lash the goblin.
You kill the goblin!
You take 2 damage, and have 33/35 hp.
You can't see any susceptible monsters within range! (Use Z to cast anyway.)
You see here a +0 dagger.
Found a stone staircase leading down.
Health restored: 35 No target in view!
No target in view!
d - 2 emerald potions (gained 1)
m - a wand of mindburst (14)
Found a stone staircase leading up.
Done exploring.
Done exploring.
There is a stone staircase leading down here.
You fly downwards.
The iguana hisses angrily.
Found two stone staircases leading down and a stone staircase leading up.
There is a stone staircase leading up here.
Flames lash the iguana.
The iguana's fire resistance burns away.
The giant cockroach closely misses you.
You take 2 damage, and have 33/35 hp.
Flames lash the iguana.
The iguana is burned terribly!
The giant cockroach completely misses you.
The iguana bites you but does no damage.
You take 2 damage, and have 31/35 hp.
Flames lash the iguana.
The iguana is burned terribly!
You hear a shout!
The giant cockroach barely misses you. The iguana barely misses you.
A kobold comes into view. It is wielding a +0 dagger.
You take 2 damage, and have 29/35 hp.
Flames lash the giant cockroach but do no damage.
The giant cockroach bites you. The iguana bites you.
You take 9 damage, and have 20/35 hp.
MASSIVE DAMAGE!!
Flames lash the iguana but do no damage.
The giant cockroach barely misses you. The iguana bites you!
* * * LOW HITPOINT WARNING * * *
The giant cockroach barely misses you.
You take 12 damage, and have 8/35 hp.
MASSIVE DAMAGE!!
Flames lash the giant cockroach.
The giant cockroach's fire resistance burns away.
* * * LOW HITPOINT WARNING * * *
The giant cockroach closely misses you. The iguana bites you.
You die...

..... .....
###+###
..K.<##.....#
............+
............#
#...⌠......#
##....B.....#
.......@.⌠.#
.......l...#
.....⌠.........
..>............
##+####........
#........
.........
#.....>.#


You could see an iguana (combustible), a giant cockroach (combustible) and a
kobold.

Vanquished Creatures
  A dart slug (D:2)
  An orc (D:3)
  7 ball pythons
  6 bats
  7 endoplasms
  2 giant cockroaches
  6 goblins
  8 hobgoblins
  A quokka (D:1)
  2 frilled lizards
  4 kobolds
  5 rats
50 creatures vanquished.

Notes
Turn   | Place    | Note
-------+----------+-------------------------------------------
     0 | D:1      | murtidash the Djinni Cinder Acolyte began the quest for the
                  | Orb.
     0 | D:1      | Reached XP level 1. HP: 20/20 MP: 0/0
   147 | D:1      | Reached XP level 2. HP: 19/25 MP: 0/0
   471 | D:1      | Reached skill level 3 in Spellcasting
   773 | D:1      | Reached XP level 3. HP: 26/30 MP: 0/0
   773 | D:1      | Learned a level 1 spell: Freeze
  1140 | D:2      | Found a faded altar of an unknown god.
  2180 | D:3      | Reached XP level 4. HP: 32/35 MP: 0/0
  2724 | D:4      | Slain by an iguana

Illustrated notes

Levels and vault maps discovered:
D:1:      dpeg_arrival_chambers_temple_mockup, layout_loops_ring,
          wad_floor_pattern_1
D:2:      layout_basic, ebering_ecumenical_altar_hall
D:3:      layout_loops_cross
D:4:      kennysheep_the_goblin_king, layout_gridville, amcnicky_altar_gilded,
          serial_shops, nicolae_shop_hallway_plus, st_stairs_8,
          grunt_ministairs_1, minmay_fountain_box, corexii_corridor_pit,
          uniq_menkaure

Skill      XL: |  1  2 |
---------------+-------+-----
Spellcasting   | 3 |  3.7
Fighting       | |  3.0
Long Blades    | |  2.6

Action                   |  1- 3 |  4- 6 || total
-------------------------+-------+-------++-------
Melee: Falchion          |    22 |       ||    22
 Cast: Scorch            |    41 |    17 ||    58
Armor: Robe              |    12 |     1 ||    13
Dodge: Dodged            |    29 |     9 ||    38

Table legend: (Time is in decaauts)
 A = Elapsed time spent in this place.
 B = Non-inter-level travel time spent in this place.
 C = Inter-level travel time spent in this place.
 D = Time resting spent in this place.
 E = Time spent auto-exploring this place.
 F = Levels seen in this place.
 G = Mean time per level.
                   A        B        C        D        E       F      G
               +--------+--------+--------+--------+--------+-----+--------+
         Total |   2726 |   2671 |     55 |      0 |   2436 |   4 |  681.5 |
       Dungeon |   2726 |   2671 |     55 |      0 |   2436 |   4 |  681.5 |
               +--------+--------+--------+--------+--------+-----+--------+

Top non-repeatable levels by time:
     D:1: 1108 daAuts
     D:3: 921 daAuts
     D:2: 690 daAuts
     D:4: 5 daAuts

Table legend:
 A = Kills in this place as a percentage of kills in entire the game.
 B = Kills by you in this place as a percentage of kills by you in the entire game.
 C = Kills by friends in this place as a percentage of kills by friends in the entire game.
 D = Other kills in this place as a percentage of other kills in the entire game.
 E = Experience gained in this place as a percentage of experience gained in the entire game.
 F = Experience gained in this place divided by the number of levels of this place that you have seen.
                   A       B       C       D       E      F
               +-------+-------+-------+-------+-------+----------------------
         Total | 100.0 | 100.0 |   N/A |   N/A | 100.0 |  21.5
       Dungeon | 100.0 | 100.0 |   N/A |   N/A | 100.0 |  21.5
               +-------+-------+-------+-------+-------+----------------------
